 Dungeon Crawl Stone Soup version 0.32-a0-999-gfa1cc04b1d (webtiles) character file.

Game seed: 1227715139370540663

45501 ragingrage the Carver (level 14, -12/88 HPs)
             Began as a Kobold Delver on Apr 25, 2024.
             Was the Champion of Yredelemnul.
             Killed from afar by Azrael (43 damage)
             ... with damnation
             ... on level 12 of the Dungeon.
             The game lasted 00:17:48 (16548 turns).

ragingrage the Carver (Kobold Delver)              Turns: 16548, Time: 00:17:48

Health: -12/88     AC: 22    Str: 10    XL:     14   Next: 71%
Magic:  21/21      EV: 16    Int: 12    God:    Yredelemnul [******]
Gold:   1264       SH:  5    Dex: 20    Spells: 13/13 levels left

rFire   . . .        a - +3 long sword (flame)
rCold   . . .        p - +0 buckler
rNeg    + . .        X - +9 ring mail of Foolhardiness {rElec}
rPois   .            V - +0 helmet
rElec   +            i - +2 cloak
rCorr   .            U - +2 pair of gloves {Stlth+}
SInv    .            k - +0 pair of boots
Will    ++...        m - amulet of regeneration
Stlth   ++++++++++   S - ring of willpower
HPRegen 1.14/turn    Y - ring of positive energy
MPRegen 0.17/turn

%: no passive effects
@: wreathed by umbra
A: small, no large weapons, nightstalker 3
a: Renounce Religion, Light the Black Torch, Recall Undead Harvest, Hurl
Torchlight, Bind Soul, Fathomless Shackles


You were on level 12 of the Dungeon.
You worshipped Yredelemnul.
Yredelemnul was aware of your devotion.
You visited 3 branches of the dungeon, and saw 18 of its levels.
You also visited: Ossuary.

You collected 1565 gold pieces.
You spent 301 gold pieces at shops.

Inventory:

Hand Weapons
 a - a +3 long sword of flaming (weapon)
 b - the +4 dagger of Proximity {pain, rC+ Int+2}
   (You found it on level 3 of the Dungeon)

   Int+2:     It affects your intelligence (+2).
   rC+:       It protects you from cold.
 G - a +2 scimitar
Missiles
 j - 2 throwing nets
 v - 38 poisoned darts (quivered)
 T - a curare-tipped dart
Armour
 i - a +2 cloak (worn)
 k - a +0 pair of boots (worn)
 p - a +0 buckler (worn)
 u - the +2 pair of gloves of Enuitu {Rampage *Slow +Inv rElec}
   (You found it on level 10 of the Dungeon)

   rElec:     It insulates you from electricity.
   +Inv:      It lets you turn invisible.
   *Slow:     It may slow you when you take damage.
   Rampage:   It bestows one free step when moving towards enemies.
 U - a +2 pair of gloves of stealth (worn)
 V - a +0 helmet (worn)
 X - the +9 ring mail of Foolhardiness (worn) {rElec}
   (You found it on level 10 of the Dungeon)

   rElec:     It insulates you from electricity.
 Z - a scarf of resistance
Jewellery
 m - an amulet of regeneration (around neck)
 S - a ring of willpower (left hand)
 Y - a ring of positive energy (right hand)
Wands
 g - a wand of digging (3)
 h - a wand of charming (18)
 w - a wand of warping (12)
 C - a wand of light (7)
 H - a wand of mindburst (17)
 J - a wand of flame (38)
Scrolls
 c - 3 scrolls of fog
 d - 6 scrolls of revelation
 e - 4 scrolls of fear
 n - 7 scrolls of enchant weapon
 s - 3 scrolls of amnesia
 y - 5 scrolls of immolation
 I - a scroll of identify
 L - 2 scrolls of torment
 M - a scroll of silence
 N - 2 scrolls of poison
 O - 5 scrolls of blinking
 P - a scroll of vulnerability
 Q - 5 scrolls of teleportation
 R - a scroll of noise
 W - a scroll of butterflies
Potions
 f - a potion of brilliance
 l - 2 potions of mutation
 o - 2 potions of invisibility
 q - 4 potions of heal wounds
 r - 11 potions of curing
 t - 3 potions of ambrosia
 z - 2 potions of haste
 A - a potion of cancellation
 B - 3 potions of might
 D - 6 potions of attraction
 E - a potion of lignification
 F - 4 potions of magic
 K - 3 potions of enlightenment {unknown}


   Skills:
 + Level 10.2 Fighting
 - Level 5.3(14.5) Short Blades
 - Level 13.8(14.0) Long Blades
 + Level 1.4 Armour
 + Level 9.3 Dodging
 - Level 10.0 Stealth
 + Level 3.4 Shields
 - Level 10.0 Invocations
 - Level 10.0 Evocations


You had 13 spell levels left.
You didn't know any spells.
Your spell library contained the following spells:

 Spells                   Type           Power      Damage    Failure   Level
 Ensorcelled Hibernation  Hex/Ice        0%         N/A       88%         2
 Static Discharge         Conj/Air       0%         3-3/arc   88%         2
 Passwall                 Erth           0%         N/A       98%         3
 Stone Arrow              Conj/Erth      0%         3d7       98%         3
 Swiftness                Air            0%         N/A       98%         3
 Airstrike                Air            0%         2d(0-16)  100%        4
 Animate Armour           Summ/Erth      0%         N/A       100%        4
 Summon Lightning Spire   Summ/Air       0%         N/A       100%        4
 Seismic Cannonade        Alch/Erth      0%         6d4       100%        7
 Lehudib's Crystal Spear  Conj/Erth      0%         10d2      100%        8


Dungeon Overview and Level Annotations

Branches:
Dungeon (12/15)            Temple (1/1) D:5            Lair (5/5) D:10
  Swamp (0/4) Lair:2        Snake (0/4) Lair:3        Slime (0/5) Lair:4
    Orc (0/2) D:11        Ossuary (visited)

Altars:
Ashenzari
Cheibriados
Dithmenos
Elyvilon
Fedhas
Gozag
Hepliaklqana
Kikubaaqudgha
Makhleb
Nemelex Xobeh
Okawaru
Qazlal
Ru
Sif Muna
Trog
Uskayaw
Vehumet
Wu Jian
Xom
Yredelemnul
Zin
The Shining One
Jiyva

Shops:
D:9 [

Portals:
Hell: Lair:5

Annotations:
D:12 Azrael
Lair:5 exclusion: downstairs


Innate Abilities, Weirdness & Mutations

You are small and have problems with some larger weapons.
You are completely attuned to the shadows.


Message History

Okay, then.
Aiming: Bolt of Light
Press: ? - help, Shift-Dir - straight line, f - Azrael
Aim: Azrael, wielding a +1 scimitar of flaming (umbra, 92% to hit)
The bolt of light hits the fire elemental!!
You destroy the fire elemental!
The bolt of light hits the hell hound!!
The bolt of light hits Azrael!
Azrael is blinded.
You hear a bark!
A hell hound comes into view.
You block the hell hound's attack.
The hell hound barks!
You hit the hell hound. The hell hound closely misses you.
You hit the hell hound.
You kill the hell hound!
Their soul becomes fuel for the torch.
The dead are walking!
Azrael hits your hell hound zombie with a +1 scimitar of flaming!
Azrael burns your hell hound zombie.
A hell hound comes into view.
You block Azrael's attack.
You slash Azrael! You hit Azrael but do no damage.
Azrael is no longer blind.
Azrael howls in rage.
Azrael gestures at you. The bolt of fire hits you!!
The bolt of fire hits your bound occultist!
The bolt of fire hits your hell hound zombie!!!
Your hell hound zombie is destroyed!
The bolt of fire hits your hell hound zombie!!
Your hell hound zombie is destroyed!
You hit Azrael but do no damage. The hell hound breathes flames at you.
The blast of flame hits the fire elemental.
The fire elemental completely resists.
The blast of flame hits Azrael.
Azrael completely resists.
The blast of flame hits you! Azrael gestures at you.
The sphere of damnation explodes!
The damnation engulfs you!!!
You die...
Your body rises from the dead as a mindless zombie. #... #hh# #EE

#R# #@#
#Z# #.#
#
###.#.##
#..WW...
#<###.#.
#.# ...
#.# ..
#.#


You could see Azrael (ally target), 2 fire elementals, 2 hell hounds, a friendly
freezing wraith (summoned), a friendly bound occultist (invisible) and a
friendly shadow (summoned).

Vanquished Creatures
  A dire elephant (Lair:5)
  Snorg (D:11)
  4 hydras
  A catoblepas (Lair:4)
  A sun demon (Lair:5)
  3 elephants (Lair:1)
  Maggie (D:8)
  2 black mambas
  2 orange demons (Lair:5)
  A torpor snail (Lair:3)
  4 cane toads
  8 rime drakes
  An unseen horror (D:11)
  9 komodo dragons
  An ice devil (Lair:5)
  2 red devils (Lair:5)
  2 polar bears
  4 blink frogs
  4 dream sheep
  6 wyverns
  27 yaks
  4 basilisks
  A fire elemental (D:12)
  4 steam dragons
  A naga (Lair:3)
  A swamp worm (Lair:2)
  11 water moccasins
  6 hell hounds
  An ice beast (D:5)
  2 sky beasts
  2 black bears
  An orc warrior (D:11)
  2 ogres
  10 wolves
  3 centaurs
  A kobold brigand (D:8)
  4 bullfrogs
  2 scorpions (D:5)
  14 wights
  A burial acolyte (Ossuary)
  3 killer bees (D:11)
  4 electric eels (D:8)
  2 howler monkeys (D:10)
  A bombardier beetle (D:6)
  A sleepcap (D:7)
  A gnoll bouda (D:6)
  An orc priest (D:5)
  2 hounds
  An iguana (Lair:2)
  5 hell rats
  4 orc wizards
  5 gnolls
  10 adders
  The ghost of AutarchDCSS the Sneak, a weakling CoDe (D:4)
  10 orcs
  6 bats
  9 endoplasms
  A giant cockroach (D:3)
  7 goblins
  5 hobgoblins
  3 jackals
  2 quokkas
  6 ball pythons
  A frilled lizard (D:1)
  6 gnoll skeletons (Ossuary)
  11 kobolds
  4 kobold skeletons (Ossuary)
  2 orc skeletons (Ossuary)
  6 rats
276 creatures vanquished.

Vanquished Creatures (collateral kills)
  2 hydras
  A boulder beetle (Lair:5)
  An oklob plant (Lair:2)
  A black mamba (Lair:2)
  4 elephants (Lair:1)
  A torpor snail (Lair:5)
  An orange demon (Lair:5)
  3 cane toads
  7 rime drakes
  4 komodo dragons
  A hellwing (Lair:5)
  2 trolls
  A tyrant leech (Lair:2)
  3 blink frogs (Lair:4)
  7 dream sheep
  A shadow (D:10)
  4 wyverns
  A wraith (D:9)
  18 yaks
  3 basilisks (Lair:4)
  A swamp worm (Lair:2)
  2 nagas (Lair:3)
  5 water moccasins
  An acid dragon (D:10)
  A hell hound (Lair:4)
  7 wolves
  3 centaurs
  A kobold brigand (D:11)
  4 gnoll sergeants
  2 scorpions
  4 bullfrogs
  4 wights
  A bombardier beetle (D:4)
  A jelly (D:6)
  A hound (D:6)
  3 orc wizards
  5 hell rats
  A mummy (Ossuary)
  7 gnolls
  An adder (D:6)
  A ribbon worm (D:4)
  11 orcs
  An endoplasm (D:1)
  A hobgoblin (D:3)
  5 jackals
  2 kobolds
  2 ball pythons (D:1)
  3 bats
  2 frilled lizards
  3 gnoll skeletons (Ossuary)
  3 goblins
  2 kobold skeletons (Ossuary)
  3 orc skeletons (Ossuary)
  3 rats
  A butterfly (Lair:4)
164 creatures vanquished.

Vanquished Creatures (others)
  A spectral elephant slug (Lair:4)
  A black mamba zombie (Lair:2)
  A spectral orange demon (Lair:5)
  2 cane toad zombies
  A dream sheep zombie (Lair:4)
  An elephant zombie (Lair:1)
  A rime drake zombie (Lair:5)
  4 hell hound zombies
  3 wyvern zombies (Lair:4)
  5 water moccasin zombies
  10 yak zombies
  6 wolf zombies
  A bullfrog zombie (Lair:4)
  3 basilisk zombies
  An orc wizard (D:5)
  A scorpion zombie (D:5)
  A human zombie (D:8)
  2 naga zombies (Lair:3)
  An ogre zombie (D:11)
  A hell rat zombie (Lair:4)
  A steam dragon zombie (D:8)
  An iguana zombie (Lair:2)
  An orc (D:8)
  3 bat zombies
  A gnoll zombie (D:6)
  A hobgoblin (D:2)
  2 endoplasm zombies (D:1)
  2 goblin zombies (D:1)
  A hobgoblin zombie (D:2)
  2 jackal zombies (D:5)
  2 kobold zombies (D:8)
  5 orc zombies
  A rat zombie (D:1)
70 creatures vanquished.

Grand Total: 510 creatures vanquished

Notes
Turn   | Place    | Note
-------+----------+-------------------------------------------
     0 | D:5      | ragingrage the Kobold Delver began the quest for the Orb.
     0 | D:5      | Reached XP level 1. HP: 14/14 MP: 1/1
    59 | D:5      | Noticed a scorpion
   112 | D:6      | Noticed a wight
   200 | D:5      | Found a staircase to the Ecumenical Temple.
   204 | D:5      | Noticed a scorpion
   213 | Temple   | Entered the Ecumenical Temple
   227 | Temple   | Became a worshipper of Yredelemnul the Fallen
   316 | D:3      | Found an opulent altar of Gozag.
   450 | D:2      | Reached XP level 2. HP: 19/19 MP: 2/2
   669 | D:2      | Reached XP level 3. HP: 23/23 MP: 3/3
   903 | D:2      | Reached skill level 5 in Short Blades
  1037 | D:2      | Reached XP level 4. HP: 28/28 MP: 4/4
  1321 | D:1      | Reached * piety under Yredelemnul
  1548 | D:1      | Reached skill level 1 in Long Blades
  2115 | D:3      | Reached skill level 2 in Long Blades
  2115 | D:3      | Reached XP level 5. HP: 32/32 MP: 5/5
  2158 | D:3      | Identified the +4 dagger of Proximity {pain, rC+ Int+2}
  2158 | D:3      | Reached ** piety under Yredelemnul
  2166 | D:3      | Identified the +3 spear "Zaajeish" {flame, Will+ rCorr}
  2675 | D:4      | Reached skill level 3 in Long Blades
  2675 | D:4      | Reached XP level 6. HP: 18/37 MP: 6/6
  3189 | D:4      | Found a runed translucent door.
  3265 | D:4      | Noticed an ogre
  3269 | D:4      | Killed an ogre
  3270 | D:4      | Reached skill level 4 in Long Blades
  3455 | D:4      | Noticed AutarchDCSS's ghost (weakling CoDe)
  3460 | D:4      | Killed AutarchDCSS's ghost
  3569 | D:5      | Reached XP level 7. HP: 41/41 MP: 7/7
  3591 | D:5      | Reached skill level 5 in Long Blades
  3815 | D:5      | Reached skill level 1 in Invocations
  3976 | D:5      | Reached XP level 8. HP: 46/46 MP: 9/9
  4232 | D:5      | Reached skill level 6 in Long Blades
  4401 | D:6      | Reached skill level 7 in Long Blades
  4529 | D:6      | Noticed a wyvern
  4536 | D:6      | Killed a wyvern
  4537 | D:6      | Reached XP level 9. HP: 43/52 MP: 12/12
  4710 | D:6      | Reached skill level 1 in Shields
  4821 | D:6      | Reached skill level 5 in Fighting
  5558 | D:7      | Reached skill level 8 in Long Blades
  5600 | D:7      | Found a sparkling altar of Nemelex Xobeh.
  5609 | D:7      | Found a burning altar of Makhleb.
  5791 | D:7      | Found a sand-covered staircase.
  5797 | Ossuary  | Entered an ossuary
  6255 | D:7      | Found an ornate altar of the Wu Jian Council.
  6260 | D:7      | Found a snail-covered altar of Cheibriados.
  6262 | D:7      | Found a glowing golden altar of the Shining One.
  6263 | D:7      | Found a radiant altar of Vehumet.
  6268 | D:7      | Found a hazy altar of Hepliaklqana.
  6733 | D:8      | Found a hide-covered altar of Uskayaw.
  6840 | D:8      | Noticed Maggie
  6851 | D:8      | Killed Maggie
  6852 | D:8      | Reached skill level 9 in Long Blades
  6852 | D:8      | Reached XP level 10. HP: 43/59 MP: 13/13
  6987 | D:8      | Reached *** piety under Yredelemnul
  7254 | D:8      | Your ally Maggie died
  7855 | D:9      | Found Udagiasount's Armour Shoppe.
  7875 | D:9      | Bought a +2 pair of gloves of stealth for 301 gold pieces
  7903 | D:9      | Reached skill level 10 in Long Blades
  8268 | D:9      | Reached skill level 5 in Dodging
  8362 | D:10     | Entered Level 10 of the Dungeon
  8364 | D:10     | Identified the +9 ring mail of Foolhardiness {rElec}
  8565 | D:10     | Reached XP level 11. HP: 35/66 MP: 14/14
  8618 | D:10     | Found a staircase to the Lair.
  8805 | D:10     | Identified the +2 pair of gloves of Enuitu {Rampage *Slow
                  | +Inv rElec}
  9100 | D:11     | Found a staircase to the Orcish Mines.
  9115 | D:11     | Reached skill level 11 in Long Blades
  9131 | D:11     | Reached **** piety under Yredelemnul
  9532 | D:11     | Noticed Snorg
  9535 | D:11     | Killed Snorg
  9536 | D:11     | Reached skill level 1 in Evocations
  9948 | Lair:1   | Entered Level 1 of the Lair of Beasts
 10214 | Lair:1   | Noticed an elephant
 10214 | Lair:1   | Noticed an elephant
 10218 | Lair:1   | Noticed an elephant
 10219 | Lair:1   | Killed an elephant
 10220 | Lair:1   | Noticed an elephant
 10222 | Lair:1   | Killed an elephant
 10223 | Lair:1   | Reached XP level 12. HP: 68/75 MP: 10/15
 10243 | Lair:1   | Reached skill level 5 in Invocations
 10989 | Lair:2   | Reached skill level 12 in Long Blades
 11104 | Lair:2   | Found a hide-covered altar of Uskayaw.
 11210 | Lair:2   | Reached ***** piety under Yredelemnul
 11498 | Lair:2   | Noticed a seven-headed hydra
 11513 | Lair:2   | Killed a four-headed hydra
 11514 | Lair:2   | Reached skill level 5 in Evocations
 11537 | Lair:2   | Found a staircase to the Swamp.
 11782 | Lair:3   | Found a staircase to the Snake Pit.
 11950 | Lair:3   | Reached XP level 13. HP: 69/80 MP: 17/17
 12521 | Lair:3   | Noticed Gastronok
 12532 | Lair:3   | Killed Gastronok
 12532 | Lair:3   | Bound Gastronok
 12909 | Lair:4   | Reached skill level 10 in Fighting
 13037 | Lair:4   | Your ally Gastronok died
 13084 | Lair:4   | Reached skill level 13 in Long Blades
 13291 | Lair:4   | Noticed an eight-headed hydra
 13394 | Lair:4   | Killed a five-headed hydra
 13421 | Lair:4   | Reached skill level 10 in Stealth
 13530 | Lair:4   | Noticed a six-headed hydra
 13541 | Lair:4   | Killed a one-headed hydra
 13570 | Lair:4   | Reached XP level 14. HP: 78/88 MP: 20/20
 13572 | Lair:4   | Reached ****** piety under Yredelemnul
 13795 | Lair:4   | Found a viscous altar of Jiyva.
 13795 | Lair:4   | Found a staircase to the Slime Pits.
 14037 | Lair:4   | Identified the +0 scale mail "Cekesana" {Harm Regen+ rCorr
                  | Slay-3}
 14088 | Lair:4   | Found a viscous altar of Jiyva.
 14089 | Lair:4   | Found a staircase to the Slime Pits.
 14933 | Lair:5   | Entered Level 5 of the Lair of Beasts
 15259 | Lair:5   | Noticed a dire elephant
 15287 | Lair:5   | Killed a dire elephant
 15722 | Lair:5   | Reached skill level 10 in Invocations
 15790 | Lair:5   | Reached skill level 10 in Evocations
 16173 | Lair:5   | Found a burning altar of Makhleb.
 16186 | Lair:5   | Reached skill level 1 in Armour
 16191 | Lair:5   | Found a gateway to Hell.
 16195 | Lair:5   | Identified the +5 morningstar of Damp Tenacity {flame,
                  | Str+4 Dex+3}
 16537 | D:12     | Noticed Azrael
 16548 | D:12     | Killed from afar by Azrael

Illustrated notes

Levels and vault maps discovered:
D:1:      mainiacjoe_arrival_oval_in_oval, layout_loops_ring
D:2:      layout_basic
D:3:      layout_rooms, mainiacjoe_overflow_boulevard, minmay_three_crescents
D:4:      layout_loops_corners, ebering_ghost_reflecting_pool, hex_medium
D:5:      layout_loops_ring, minmay_temple_entry_statues_fountains
D:6:      layout_layer_cave
D:7:      layout_basic, chequers_temple_overflow_minitemple,
          mainiacjoe_overflow_big_doors, chequers_ossuary_entry_cave
D:8:      layout_basic, overflow_temple_1_default, serial_bayou,
          serial_bayou_crossing, serial_bayou_shore_b, serial_bayou_shore_b,
          serial_bayou_ford_a, uniq_maggie
D:9:      layout_roguey, serial_shops, shop, due_unseen_surprise
D:10:     layout_rooms, lair_entry_dummy
D:11:     layout_small_grid, kennysheep_orc_monster_closet_entryway,
          roderic_lattice_a, kennysheep_generic_room_9, uniq_snorg
D:12:     layout_loops_corners, uniq_azrael, uniq_rupert
Temple:   nicolae_temple_god_jail
Lair:1:   layout_hall_layers, chequers_serial_rivers_small_b, minivault_23
Lair:2:   layout_misc_corridors, palyth_hydra_swamp_entry,
          nicolae_lair_grove_arrangements, serial_bayou_pond_b,
          chequers_serial_rivers_micro_c, lemuel_oklob_altar
Lair:3:   layout_long_grid, minmay_snake_entry_guardpost_small,
          chequers_serial_rivers_large_b, uniq_gastronok
Lair:4:   layout_roguey, dpeg_slime_entry_enclosed, special_room
          [special_room_mythical_zoo], chequers_serial_rivers_small_a,
          infiniplex_staircase_pool, lemuel_fruit_fields
Lair:5:   evil_forest, layout_regular_city, portal_ice_cave_entry_pillars_1

Skill      XL: |  1  2  3  4  5  6  7  8  9 10 11 12 13 14 |
---------------+-------------------------------------------+-----
Short Blades   | 4 5 |  5.3
Long Blades    | 2 3 4 5 7 9 10 11 12 13 | 13.8
Invocations    | 2 4 6 8 10 | 10.0
Fighting       | 4 5 6 8 9 10 | 10.2
Shields        | 3 |  3.4
Dodging        | 5 7 9 |  9.3
Evocations     | 2 5 7 10 | 10.0
Stealth        | 7 10 | 10.0
Armour         | 1 |  1.4

Action                     |  1- 3 |  4- 6 |  7- 9 | 10-12 | 13-15 || total
---------------------------+-------+-------+-------+-------+-------++-------
  Melee: Short sword       |    65 |     8 |       |       |       ||    73
         Long sword        |       |    82 |    54 |   360 |   390 ||   886
         Scimitar          |       |       |    97 |       |       ||    97
         Dagger            |       |       |       |     1 |     1 ||     2
 Invoke: Light the Black T |     1 |     4 |     4 |     5 |     3 ||    17
         Hurl Torchlight   |       |       |     1 |     4 |     7 ||    12
         Recall Undead Har |       |       |       |       |    10 ||    10
         Bind Soul         |       |       |       |       |     2 ||     2
  Evoke: Wand              |       |       |       |     3 |     1 ||     4
    Use: Potion            |     1 |       |       |     1 |       ||     2
         Scroll            |       |     5 |     4 |     6 |    11 ||    26
   Stab: Sleeping          |     9 |    16 |    16 |    21 |    15 ||    77
         Distracted        |     1 |     1 |     2 |     7 |     8 ||    19
 Armour: Leather armour    |    31 |    14 |       |       |       ||    45
         Troll leather arm |       |    12 |    88 |       |       ||   100
         Acid dragon scale |       |       |       |    40 |       ||    40
         Ring mail         |       |       |       |   171 |   210 ||   381
  Dodge: Dodged            |    49 |    61 |   103 |   242 |   233 ||   688
  Block: Buckler           |     1 |    21 |    33 |   103 |    73 ||   231

Table legend: (Time is in decaauts)
 A = Elapsed time spent in this place.
 B = Non-inter-level travel time spent in this place.
 C = Inter-level travel time spent in this place.
 D = Time resting spent in this place.
 E = Time spent auto-exploring this place.
 F = Levels seen in this place.
 G = Mean time per level.
                   A        B        C        D        E       F      G
               +--------+--------+--------+--------+--------+-----+--------+
         Total |  16568 |  15580 |    988 |    385 |  12090 |  19 |  872.0 |
       Dungeon |   9830 |   9262 |    568 |    207 |   7206 |  12 |  819.2 |
        Temple |     17 |     17 |      0 |      0 |      0 |   1 |   17.0 |
          Lair |   6487 |   6067 |    420 |    166 |   4740 |   5 | 1297.4 |
       Ossuary |    233 |    233 |      0 |     12 |    144 |   1 |  233.0 |
               +--------+--------+--------+--------+--------+-----+--------+

Top non-repeatable levels by time:
  Lair:4: 2048 daAuts
  Lair:5: 1367 daAuts
     D:6: 1250 daAuts
  Lair:3: 1193 daAuts
     D:8: 1095 daAuts
     D:4: 988 daAuts
  Lair:2: 973 daAuts
     D:7: 971 daAuts
    D:11: 940 daAuts
     D:2: 917 daAuts
  Lair:1: 904 daAuts
     D:5: 895 daAuts
     D:1: 764 daAuts
    D:10: 716 daAuts
     D:3: 639 daAuts
